 Dungeon Crawl Stone Soup version 0.28-b1-25-g9875b3fc8c (webtiles) character file.

Game seed: 9282115238459823151

51 dorian the Ducker (level 3, 17/17 HPs)
             Began as a Felid Monk on Feb 4, 2022.
             Quit the game on level 2 of the Dungeon.
             The game lasted 00:02:35 (2475 turns).

dorian the Ducker (Felid Monk)                      Turns: 2475, Time: 00:02:36

Health: 17/17      AC:  1    Str:  7    XL:     3   Next: 57%
Magic:  4/4        EV: 20    Int: 11    God:
Gold:   28         SH:  0    Dex: 20    Spells: 2/2 levels left
                                        Lives:  0   Deaths: 1

rFire   . . .      SeeInvis +     - Unarmed
rCold   . . .      Faith    .   (shield unavailable)
rNeg    . . .      Spirit   .   (armour unavailable)
rPois   .          Reflect  .   (helmet unavailable)
rElec   .          Harm     .   (cloak unavailable)
rCorr   .          Rampage  .   (gloves unavailable)
Will    .....                   (boots unavailable)
Stlth   ++........              (no amulet)
HPRegen 0.05/turn               (no ring)
MPRegen 0.09/turn               (no ring)

@: quick
A: very small, claws 1, fangs 3, see invisible, speed 1, shaggy fur 1, stealthy
paws, no weapons or thrown items, no armour, multi-lived
a: no special abilities


You were on level 2 of the Dungeon.
You visited 1 branch of the dungeon, and saw 3 of its levels.

You collected 28 gold pieces.

Inventory:

Jewellery
 f - a ring of willpower
Scrolls
 a - 2 scrolls of enchant armour {unknown}
 b - 3 scrolls of fog {unknown}
 c - a scroll of blinking {unknown}
 e - a scroll of teleportation {unknown}
Potions
 d - a potion of mutation {unknown}
 g - a potion of heal wounds {unknown}


   Skills:
 + Level 3.5 Fighting
 + Level 5.1 Dodging
 - Level 2.6 Stealth
 + Level 4.4 Unarmed Combat


You had 2 spell levels left.
You didn't know any spells.
Your spell library was empty.

Dungeon Overview and Level Annotations

Branches:
Dungeon (3/15)

Altars:


Innate Abilities, Weirdness & Mutations

You have sharp claws.
You have razor-sharp teeth.
You have supernaturally acute eyesight. (SInv)
You cover ground quickly. (Speed+)
You are covered in fur. (AC +1)
Your paws help you pounce on unaware monsters.
You are incapable of wielding weapons or throwing items.
You cannot wear armour.
You gain extra lives every three experience levels.


Message History

You climb downwards.
Found an escape hatch in the ceiling.
There is a stone staircase leading up here.
A hound skeleton comes into view.
The gnoll shouts!
There is a stone staircase leading up here.
The gnoll hits you with a +0 spear!
There is a stone staircase leading up here.
The gnoll closely misses you.
You climb upwards.
There is a stone staircase leading down here.
You scratch the gnoll.
The gnoll is moderately wounded.
The gnoll hits you with a +0 spear!
* * * LOW HITPOINT WARNING * * *
Sorry, you're not good enough to have a special ability.
There is a stone staircase leading down here.
You start resting.
A gnoll is nearby!
You see here 22 arrows.
There is a stone staircase leading up here.
You climb upwards.
There is a stone staircase leading down here.
You start resting.
HP restored.
You climb downwards.
There is a stone staircase leading up here.
A gnoll is nearby!
The gnoll hits you with a +0 spear!
You claw the gnoll!
The gnoll is heavily wounded.
The gnoll hits you with a +0 spear.
You closely miss the gnoll. You bite the gnoll, but do no damage.
The gnoll is heavily wounded.
The gnoll hits you with a +0 spear!
You die...
You are now level 3!
You rejoin the land of the living...
There's something in the way.
Are you sure you want to abandon this character and quit the game? (Confirm with "yes".)

#.# #.#### #.#########.#...
##### #...........#... #...#
####.#####.#.... ###...###
######.#####..#>..
#.......####.........##.##...
#..........#.####.......##...
#.......##.#.####.##.##.##...
###...####.#@#..........#####
#...# #...#.##.##.##.# ###.#
#####<##.##.##.## #.#
#.##........#
###.########.###.......#
#.....##.....# #.#.#...####
#.#.#.##.....# #.#.........
#.#.#.##.....# #.#.........
#...#.##.....# #.##........


There were no monsters in sight!

Vanquished Creatures
  Terence (D:2)
  A gnoll (D:2)
  4 adders
  A worm (D:2)
  2 giant cockroaches
  4 hobgoblins
  4 quokkas
  6 ball pythons
  3 bats (D:1)
  5 frilled lizards
  4 kobolds
  3 rats (D:2)
38 creatures vanquished.

Notes
Turn   | Place    | Note
-------+----------+-------------------------------------------
     0 | D:1      | dorian the Felid Monk began the quest for the Orb.
     0 | D:1      | Reached XP level 1. HP: 10/10 MP: 2/2
   243 | D:1      | Reached XP level 2. HP: 14/14 MP: 3/3
  1300 | D:2      | Reached XP level 3. HP: 12/17 MP: 4/4
  1513 | D:2      | Found a faded altar of an unknown god.
  1656 | D:2      | Noticed Terence
  1671 | D:2      | Killed Terence
  1672 | D:2      | Reached skill level 5 in Dodging
  1672 | D:2      | Reached XP level 4. HP: 17/21 MP: 5/5
  2474 | D:2      | Slain by a gnoll
  2475 | D:2      | Reached XP level 3. HP: 0/17 MP: 4/4
  2475 | D:2      | Quit the game

Illustrated notes

Levels and vault maps discovered:
D:1:      ebering_trefoil_twist, layout_loops_ring, hangedman_decor_push
D:2:      layout_loops_cross, dreamdust_ecumenical_altar_angels_and_demons,
          uniq_terence
D:3:      layout_rooms, grunt_temple_overflow_open, elyvilon_altar_5, tso_altar,
          amethyst_killhole, st_stairs_6

Skill      XL: |  1  2  3 |
---------------+----------+-----
Dodging        | 5 |  5.1
Unarmed Combat | 4 |  4.4
Fighting       | |  3.5
Stealth        | |  2.6

Action                   |  1- 3 |  4- 6 || total
-------------------------+-------+-------++-------
Melee: Unarmed           |    79 |    16 ||    95
       Punch             |     3 |       ||     3
       Bite              |     4 |     1 ||     5
 Stab: Sleeping          |    13 |     1 ||    14
Armor: Skin              |     1 |       ||     1
Dodge: Dodged            |    61 |    10 ||    71
